PBL
MILWAUKEE BREWERS @ TAMPA BAY RAYS
06/06/2071
 
TOP OF THE 1ST
Milwaukee Brewers batting - Pitching for Tampa Bay Rays : LHP Paul Allis
Pitching: LHP Paul Allis
Batting: RHB Steve Sloan 0-0: Ball
1-0: Swinging Strike
1-1: Ball
2-1: SINGLE (Groundball, 6D, EV 101.3 MPH)
Batting: SHB Yang Siu 0-0: Fly out, F7 (Flyball, 78M, EV 86.9 MPH)
Batting: RHB Steve White 0-0: Called Strike
0-1: Ball
1-1: Foul Ball, location: 2LF
1-2: Foul Ball, location: 7LSF
1-2: Fly out, F3 (Popup, 3SF, EV 75.0 MPH)
Batting: LHB John Brosseau 0-0: Ball
1-0: SINGLE (Line Drive, 7S, EV 103.1 MPH)
Steve Sloan to second
Batting: LHB Stanley Hawkins 0-0: Fly out, F4 (Popup, 4, EV 62.5 MPH)
Top of the 1st over - 0 runs, 2 hits, 0 errors, 2 left on base; Milwaukee 0 - Tampa Bay 0
BOTTOM OF THE 1ST
Tampa Bay Rays batting - Pitching for Milwaukee Brewers : RHP Pedro Guevara
Pitching: RHP Pedro Guevara
Batting: RHB Jesús Hernández 0-0: Reached on error, E6 (Groundball, 6, EV 97.5 MPH)
Batting: LHB Manuel Gonzáles 0-0: Ball
1-0: Swinging Strike
1-1: Grounds into double play, 4-6-3 (Groundball, 4, EV 101.9 MPH)
Batting: LHB Oliver Whitley 0-0: Ball
1-0: Fly out, F7 (Flyball, 7, EV 96.3 MPH)
Bottom of the 1st over - 0 runs, 0 hits, 1 error, 0 left on base; Milwaukee 0 - Tampa Bay 0
TOP OF THE 2ND
Milwaukee Brewers batting - Pitching for Tampa Bay Rays : LHP Paul Allis
Batting: LHB Roberto Rodríguez 0-0: Swinging Strike
0-1: Ball
1-1: Ball
2-1: SINGLE (Groundball, 3, EV 99.4 MPH)
Batting: LHB Ron McBride 0-0: Ball
1-0: Ball
2-0: Ball
3-0: Called Strike
3-1: Called Strike
3-2: Grounds out, U3 (Groundball, 3L, EV 97.5 MPH)
Batting: RHB Pedro Gómez 0-0: SINGLE (Flyball, 8LS, EV 89.4 MPH)
Roberto Rodríguez to third
Runner from 3rd tries for Home, SAFE, throw by CF to home
Batting: LHB David MacDonald 0-0: Called Strike
0-1: Ball
1-1: Swinging Strike
1-2: Strikes out looking
Batting: RHB Steve Sloan 0-0: Ball
1-0: Ball
2-0: Foul Ball, location: 2F
2-1: Fielders Choice at 2nd, 5-4 (Groundball, 5, EV 88.1 MPH)
Top of the 2nd over - 1 run, 2 hits, 0 errors, 1 left on base; Milwaukee 1 - Tampa Bay 0
BOTTOM OF THE 2ND
Tampa Bay Rays batting - Pitching for Milwaukee Brewers : RHP Pedro Guevara
Batting: RHB Jorge Baca 0-0: Ball
1-0: Called Strike
1-1: Fly out, F8 (Line Drive, 8RD, EV 89.4 MPH)
Batting: RHB Tom Pike 0-0: Foul Ball, location: 9LMF
0-1: SINGLE (Line Drive, 7S, EV 98.8 MPH)
Batting: SHB Barry Huffman 0-0: Ball
1-0: Ball
2-0: Fly out, F7 (Flyball, 78S, EV 89.4 MPH)
Batting: RHB Colt Keeling 0-0: Fly out, F7 (Flyball, 7, EV 76.3 MPH)
Bottom of the 2nd over - 0 runs, 1 hit, 0 errors, 1 left on base; Milwaukee 1 - Tampa Bay 0
TOP OF THE 3RD
Milwaukee Brewers batting - Pitching for Tampa Bay Rays : LHP Paul Allis
Batting: SHB Yang Siu 0-0: Ball
1-0: Called Strike
1-1: Foul Ball, location: 2F
1-2: Ball
2-2: Foul Ball, location: 5FF
2-2: Foul Ball, location: 2F
2-2: Strikes out swinging
Batting: RHB Steve White 0-0: Called Strike
0-1: Ball
1-1: Ball
2-1: Foul Ball, location: 9LMF
2-2: Foul Ball, location: 25F
2-2: Ball
3-2: Ground out 6-3 (Groundball, 6, EV 76.9 MPH)
Batting: LHB John Brosseau 0-0: Called Strike
0-1: Called Strike
0-2: Strikes out looking
Top of the 3rd over - 0 runs, 0 hits, 0 errors, 0 left on base; Milwaukee 1 - Tampa Bay 0
BOTTOM OF THE 3RD
Tampa Bay Rays batting - Pitching for Milwaukee Brewers : RHP Pedro Guevara
Batting: RHB Carlos Cruz 0-0: Foul Ball, location: 2F
0-1: Ball
1-1: Swinging Strike
1-2: Strikes out looking
Batting: RHB Paul Robertson 0-0: Ball
1-0: SINGLE (Flyball, 89S, EV 98.1 MPH)
Batting: RHB Jesús Hernández 0-0: Fly out, F8 (Flyball, 8RM, EV 88.1 MPH)
Batting: LHB Manuel Gonzáles 0-0: Foul Ball, location: 2F
0-1: Called Strike
0-2: Ground out 4-3 (Groundball, 4, EV 103.1 MPH)
Bottom of the 3rd over - 0 runs, 1 hit, 0 errors, 1 left on base; Milwaukee 1 - Tampa Bay 0
TOP OF THE 4TH
Milwaukee Brewers batting - Pitching for Tampa Bay Rays : LHP Paul Allis
Batting: LHB Stanley Hawkins 0-0: Called Strike
0-1: Foul Ball, location: 2F
0-2: Ball
1-2: Ball
2-2: Ball
3-2: Base on Balls
Batting: LHB Roberto Rodríguez 0-0: Called Strike
0-1: Foul Ball, location: 5F
0-2: Ball
1-2: Strikes out swinging
Batting: LHB Ron McBride 0-0: Ball
1-0: Called Strike
1-1: Ball
2-1: Called Strike
2-2: Foul Ball, location: 7LMF
2-2: Fly out, F8 (Flyball, 8RM, EV 98.8 MPH)
Batting: RHB Pedro Gómez 0-0: Called Strike
0-1: Fielders Choice at 2nd, 6-4 (Groundball, 6, EV 81.9 MPH)
Top of the 4th over - 0 runs, 0 hits, 0 errors, 1 left on base; Milwaukee 1 - Tampa Bay 0
BOTTOM OF THE 4TH
Tampa Bay Rays batting - Pitching for Milwaukee Brewers : RHP Pedro Guevara
Batting: LHB Oliver Whitley 0-0: Ground out 4-3 (Groundball, 34, EV 105.0 MPH)
Batting: RHB Jorge Baca 0-0: Ball
1-0: Ball
2-0: Ground out U3 (Groundball, 34, EV 102.5 MPH)
Batting: RHB Tom Pike 0-0: SINGLE (Line Drive, 6M, EV 104.4 MPH)
Batting: SHB Barry Huffman 0-0: Ball
1-0: Ball
2-0: Called Strike
2-1: Foul Ball, location: 3DF
2-2: Foul Ball, location: 9LSF
2-2: Fly out, F9 (Flyball, 9, EV 93.1 MPH)
Bottom of the 4th over - 0 runs, 1 hit, 0 errors, 1 left on base; Milwaukee 1 - Tampa Bay 0
TOP OF THE 5TH
Milwaukee Brewers batting - Pitching for Tampa Bay Rays : LHP Paul Allis
Batting: LHB David MacDonald 0-0: Ball
1-0: SINGLE (Line Drive, 89M, EV 105.6 MPH)
Batting: RHB Steve Sloan 0-0: Called Strike
0-1: Ball
1-1: Ball
2-1: Ball
3-1: Base on Balls
David MacDonald to second
Batting: SHB Yang Siu 0-0: Swinging Strike
0-1: SINGLE (Groundball, 6, EV 66.3 MPH)
David MacDonald to third
Steve Sloan to second
Batting: RHB Steve White 0-0: Fly out, F7 (Flyball, 7, EV 88.8 MPH)
Runner from 3rd tags up, SCORES, throw by LF
Batting: LHB John Brosseau 0-0: Ball
1-0: Called Strike
1-1: Swinging Strike
1-2: Ball
2-2: Strikes out looking
Batting: LHB Stanley Hawkins 0-0: TRIPLE (Line Drive, 9LD, EV 110.6 MPH)
Steve Sloan scores
Yang Siu scores
Batting: LHB Roberto Rodríguez 0-0: Ball
1-0: Fly out, F8 (Flyball, 8RS, EV 90.6 MPH)
Top of the 5th over - 3 runs, 3 hits, 0 errors, 1 left on base; Milwaukee 4 - Tampa Bay 0
BOTTOM OF THE 5TH
Tampa Bay Rays batting - Pitching for Milwaukee Brewers : RHP Pedro Guevara
Batting: RHB Colt Keeling 0-0: Called Strike
0-1: Fly out, F9 (Flyball, 9S, EV 90.0 MPH)
Batting: RHB Carlos Cruz 0-0: Called Strike
0-1: Foul Ball, location: 7LDF
0-2: Strikes out swinging
Batting: RHB Paul Robertson 0-0: Called Strike
0-1: Fly out, F9 (Flyball, 89XD, EV 94.4 MPH)
Bottom of the 5th over - 0 runs, 0 hits, 0 errors, 0 left on base; Milwaukee 4 - Tampa Bay 0
TOP OF THE 6TH
Milwaukee Brewers batting - Pitching for Tampa Bay Rays : LHP Paul Allis
Pitching: RHP Armando Guillén
Batting: LHB Ron McBride 0-0: Swinging Strike
0-1: Ball
1-1: Swinging Strike
1-2: Strikes out swinging
Batting: RHB Pedro Gómez 0-0: Ball
1-0: Ball
2-0: DOUBLE (Flyball, 8LXD, EV 100.0 MPH)
Batting: LHB David MacDonald 0-0: Called Strike
0-1: Ground out 4-3 (Groundball, 34D, EV 108.1 MPH)
Pedro Gómez to third
Batting: RHB Steve Sloan 0-0: Ball
1-0: Ball
2-0: Ball
3-0: Base on Balls
Batting: SHB Yang Siu 0-0: Ball
1-0: Swinging Strike
1-1: Swinging Strike
1-2: Ball
2-2: Fly out, F8 (Flyball, 8RD, EV 88.1 MPH)
Top of the 6th over - 0 runs, 1 hit, 0 errors, 2 left on base; Milwaukee 4 - Tampa Bay 0
BOTTOM OF THE 6TH
Tampa Bay Rays batting - Pitching for Milwaukee Brewers : RHP Pedro Guevara
Batting: RHB Jesús Hernández 0-0: Ball
1-0: Fly out, F8 (Flyball, 8LD, EV 101.3 MPH)
Batting: LHB Manuel Gonzáles 0-0: Called Strike
0-1: Ball
1-1: Ground out 4-3 (Groundball, 34, EV 103.8 MPH)
Batting: LHB Oliver Whitley 0-0: Ball
1-0: Swinging Strike
1-1: Ball
2-1: Fly out, F8 (Flyball, 89M, EV 91.3 MPH)
Bottom of the 6th over - 0 runs, 0 hits, 0 errors, 0 left on base; Milwaukee 4 - Tampa Bay 0
TOP OF THE 7TH
Milwaukee Brewers batting - Pitching for Tampa Bay Rays : RHP Armando Guillén
Batting: RHB Steve White 0-0: Called Strike
0-1: Ground out 6-3 (Groundball, 6, EV 103.1 MPH)
Batting: LHB John Brosseau 0-0: Foul Ball, location: 25FF
0-1: Called Strike
0-2: Ball
1-2: SINGLE (Groundball, P, EV 90.0 MPH) (infield hit)
Batting: LHB Stanley Hawkins 0-0: Called Strike
0-1: Swinging Strike
0-2: Strikes out swinging
Batting: LHB Roberto Rodríguez 0-0: Ball
1-0: Called Strike
1-1: Swinging Strike
1-2: Ball
2-2: Strikes out looking
Top of the 7th over - 0 runs, 1 hit, 0 errors, 1 left on base; Milwaukee 4 - Tampa Bay 0
BOTTOM OF THE 7TH
Tampa Bay Rays batting - Pitching for Milwaukee Brewers : RHP Pedro Guevara
Batting: RHB Jorge Baca 0-0: Called Strike
0-1: Called Strike
0-2: Fly out, F3 (Popup, 34, EV 65.6 MPH)
Batting: RHB Tom Pike 0-0: Called Strike
0-1: Foul Ball, location: 7LSF
0-2: Ball
1-2: Ball
2-2: Strikes out looking
Batting: SHB Barry Huffman 0-0: Fly out, F7 (Flyball, 7LMF, EV 88.8 MPH)
Bottom of the 7th over - 0 runs, 0 hits, 0 errors, 0 left on base; Milwaukee 4 - Tampa Bay 0
TOP OF THE 8TH
Milwaukee Brewers batting - Pitching for Tampa Bay Rays : RHP Armando Guillén
Pitching: RHP Pete Myers
Batting: LHB Ron McBride 0-0: Ball
1-0: Swinging Strike
1-1: Ball
2-1: Fly out, F7 (Flyball, 7, EV 86.3 MPH)
Batting: RHB Pedro Gómez 0-0: Called Strike
0-1: Ball
1-1: Ball
2-1: Called Strike
2-2: Foul Ball, location: 5SF
2-2: Strikes out looking
Batting: LHB David MacDonald 0-0: Called Strike
0-1: Swinging Strike
0-2: Foul Ball, location: 2F
0-2: Foul Ball, location: 7LSF
0-2: Foul Ball, location: 3FF
0-2: Ball
1-2: Foul Ball, location: 7LSF
1-2: Foul Ball, location: 2F
1-2: Ground out U3 (Groundball, 3, EV 86.9 MPH)
Top of the 8th over - 0 runs, 0 hits, 0 errors, 0 left on base; Milwaukee 4 - Tampa Bay 0
BOTTOM OF THE 8TH
Tampa Bay Rays batting - Pitching for Milwaukee Brewers : RHP Pedro Guevara
Batting: RHB Colt Keeling 0-0: Ball
1-0: Ball
2-0: Ball
3-0: Base on Balls
Batting: RHB Carlos Cruz 0-0: Ball
1-0: Ball
2-0: Called Strike
2-1: Called Strike
2-2: Ball
3-2: DOUBLE (Groundball, 3L, EV 101.3 MPH)
Colt Keeling to third
Pinch Hitting: LHB César García 0-0: Ground out 3-1 (Groundball, 34S, EV 67.5 MPH)
Batting: RHB Jesús Hernández 0-0: Ball
1-0: Ball
2-0: Foul Ball, location: 3FF
2-1: Foul Ball, location: 2F
2-2: Ground out 5-3 (Groundball, 56S, EV 81.3 MPH)
Colt Keeling scores
Pitching: RHP Javier Castro
Now at 1B: Roberto Rodríguez
Now in LF: Stanley Hawkins
Now in RF: Bradley Irwin
Batting: LHB Manuel Gonzáles 0-0: Ball
1-0: Ground out 4-3 (Groundball, 34, EV 85.6 MPH)
Bottom of the 8th over - 1 run, 1 hit, 0 errors, 1 left on base; Milwaukee 4 - Tampa Bay 1
TOP OF THE 9TH
Milwaukee Brewers batting - Pitching for Tampa Bay Rays : RHP Pete Myers
Now at 2B: Jesús Hernández
Now at SS: António Rincón
Batting: RHB Steve Sloan 0-0: Foul Ball, location: 7LMFF
0-1: Ball
1-1: Called Strike
1-2: Foul Ball, location: 2F
1-2: Foul Ball, location: 25F
1-2: Ball
2-2: Ball
3-2: Reached via error on a dropped throw from 1B, E1 (Groundball, 34, EV 85.6 MPH)
Pitching: LHP Johnny Sizemo
Batting: LHB Bradley Irwin 0-0: Swinging Strike
0-1: 2-RUN HOME RUN (Flyball, 9D, EV 98.1 MPH), Distance : 368 ft
Batting: RHB Steve White 0-0: Ball
1-0: Swinging Strike
1-1: Foul Ball, location: 2RF
1-2: SINGLE (Groundball, 6, EV 89.4 MPH) (infield hit)
Batting: LHB John Brosseau 0-0: Called Strike
0-1: Fly out, F9 (Flyball, 89D, EV 91.9 MPH)
Batting: LHB Stanley Hawkins 0-0: Ball
1-0: SINGLE (Groundball, 6MS, EV 68.8 MPH) (infield hit)
Steve White to second
Batting: LHB Roberto Rodríguez 0-0: Ball
1-0: Ball
2-0: Ball
3-0: Called Strike
3-1: Foul Ball, location: 7LMF
3-2: Strikes out swinging
Batting: LHB Ron McBride 0-0: Ball
1-0: Called Strike
1-1: Foul Ball, location: 23FF
1-2: Foul Ball, location: 2LF
1-2: Ball
2-2: Strikes out swinging
Top of the 9th over - 2 runs, 3 hits, 1 error, 2 left on base; Milwaukee 6 - Tampa Bay 1
BOTTOM OF THE 9TH
Tampa Bay Rays batting - Pitching for Milwaukee Brewers : RHP Javier Castro
Batting: LHB Oliver Whitley 0-0: Called Strike
0-1: Ball
1-1: Ball
2-1: Ball
3-1: Base on Balls
Batting: RHB Jorge Baca 0-0: Called Strike
0-1: SINGLE (Flyball, 8LS, EV 91.3 MPH)
Oliver Whitley to second
Batting: RHB Tom Pike 0-0: Ball
1-0: Called Strike
1-1: Ball
2-1: Swinging Strike
2-2: Foul Ball, location: 3FF
2-2: Foul Ball, location: 2RF
2-2: Ball
3-2: Strikes out swinging
Pitching: RHP Héctor Alemán
Batting: SHB Barry Huffman 0-0: Called Strike
0-1: Called Strike
0-2: Ball
1-2: Ball
2-2: Ball
3-2: Foul Ball, location: 7LSF
3-2: Base on Balls
Oliver Whitley to third
Jorge Baca to second
Batting: RHB Colt Keeling 0-0: Ball
1-0: Ball
2-0: Foul Ball, location: 25F
2-1: Foul Ball, location: 23F
2-2: Foul Ball, location: 9LSF
2-2: Grounds into fielders choice 5-2 (Groundball, 56S, EV 94.4 MPH)
Jorge Baca to third
Barry Huffman to second
Batting: RHB Carlos Cruz 0-0: Called Strike
0-1: Foul Ball, location: 2F
0-2: Strikes out swinging
Bottom of the 9th over - 0 runs, 1 hit, 0 errors, 3 left on base; Milwaukee 6 - Tampa Bay 1
Saturday, April 20th , 2024 - OOTP Baseball 24.10 Build 82